 Dungeon Crawl Stone Soup version 0.23.0-3-gf3c87f2 (webtiles) character file.

Game seed: 12007611977324555931

55 Paps the Vexing (level 3, -1/24 HPs)
             Began as a Vampire Enchanter on Feb 23, 2019.
             Slain by Crazy Yiuf
             ... wielding a +4 quarterstaff of chaos
              (12 damage)
             ... on level 2 of the Dungeon.
             The game lasted 00:03:23 (1577 turns).

Paps the Vexing (Vampire Enchanter)                 Turns: 1577, Time: 00:03:24

Health: -1/24      AC:  2    Str:  8    XL:     3   Next: 67%
Magic:  2/6        EV: 12    Int: 19    God:
Gold:   139        SH:  3    Dex: 14    Spells: 0/6 levels left

rFire    . . .     SeeInvis +   c - +0 short sword (flame)
rCold    + . .     Gourm    .   f - +0 buckler
rNeg     + + .     Faith    .   b - +0 robe
rPois    +         Spirit   .   (no helmet)
rElec    .         Reflect  .   (no cloak)
rCorr    .         Harm     .   (no gloves)
MR       .....                  (no boots)
Stlth    ++++......             (no amulet)
HPRegen  0.04/turn              h - +2 ring of intelligence
MPRegen  0.10/turn              (no ring)

@: regenerating slowly
A: rotting body, fangs 3, see invisible, unbreathing
a: Bat Form


You were on level 2 of the Dungeon.
You were thirsty.

You visited 1 branch of the dungeon, and saw 2 of its levels.

You collected 139 gold pieces.

Inventory:

Hand Weapons
 a - a +1 dagger
 c - a +0 short sword of flaming (weapon)
Armour
 b - a +0 robe (worn)
 f - a +0 buckler (worn)
Jewellery
 h - a +2 ring of intelligence (left hand)
Scrolls
 e - a scroll of enchant armour {unknown}
 g - 2 scrolls of remove curse {unknown}
 i - a scroll of blinking {unknown}
 k - a scroll of identify {unknown}
 l - 2 scrolls of fog {unknown}
 o - a scroll of enchant weapon {unknown}
Potions
 d - a potion of blood
 j - a potion of curing {unknown}
 m - a potion of resistance {unknown}
 n - a potion of haste {unknown}


   Skills:
 + Level 0.2 Fighting
 + Level 1.3 Short Blades
 + Level 2.2 Dodging
 * Level 5.4 Stealth
 + Level 0.2 Shields
 + Level 2.3 Spellcasting
 * Level 5.4 Hexes


You couldn't memorise any spells.
You knew the following spells:

 Your Spells              Type           Power        Failure   Level  Hunger
a - Corona                Hex            ###....      2%          1    #......
b - Ensorcelled Hibernat  Hex/Ice        ##....       13%         2    ##.....
c - Confuse               Hex            ###.....     9%          3    ###....

Your spell library contained the following spells:

 Spells                   Type           Power        Failure   Level  Hunger
 Tukima's Dance           Hex            ###.....     9%          3    ###....
 Dazzling Spray           Conj/Hex       ##....       26%         3    ###....


Dungeon Overview and Level Annotations

Branches:
Dungeon (2/15)

Altars:

Annotations:
D:2 Crazy Yiuf


Innate Abilities, Weirdness & Mutations

Your body is rotting away.
You thrive on raw meat.
You heal slowly.
You have razor-sharp teeth.
You have supernaturally acute eyesight. (SInv)
You can survive without breathing.


Message History

Aiming: Confuse (safe; 9% risk of failure)
Press: ? - help, Shift-Dir - straight line, f/p - Crazy Yiuf
Aim: Crazy Yiuf, wielding a +4 quarterstaff of chaos and wearing a +2 cloak (severely wounded, chance to defeat MR: 61%) Crazy Yiuf resists with significant effort.
You block Crazy Yiuf's attack.
There is an open translucent door here.
You see here a mace.
You see here a mace.
You see here a mace.
You see here a mace.
You hit Crazy Yiuf but do no damage.
Crazy Yiuf is severely wounded.
Crazy Yiuf cries, "You leg down broken song, no?"
Crazy Yiuf hits you with a +4 quarterstaff of chaos!
Space bends around you.
You closely miss Crazy Yiuf.
Crazy Yiuf is severely wounded.
Crazy Yiuf hits you with a +4 quarterstaff of chaos!
Ouch! That really hurt!
You die...

.....# #.....#
.....# #.....#
.....# #...###
.....# #...#
.....# ##.##
###### #.#####
##### # #....P##
###..)# #
#...)..####.'...#
#
##...P.@#))##...#
#
##)...#g########
# ######## # # #
# #


You could see Crazy Yiuf.

Vanquished Creatures
  An adder (D:2)
  A worm (D:2)
  A dart slug (D:1)
  A leopard gecko (D:1)
  3 giant cockroaches (D:2)
  4 goblins
  6 hobgoblins
  4 jackals (D:2)
  7 bats
  A frilled lizard (D:2)
  3 kobolds (D:1)
  7 rats
39 creatures vanquished.

Notes
Turn   | Place    | Note
-------+----------+-------------------------------------------
     0 | D:1      | Paps the Vampire Enchanter began the quest for the Orb.
     0 | D:1      | Reached XP level 1. HP: 13/13 MP: 3/3
   129 | D:1      | Reached XP level 2. HP: 19/19 MP: 3/5
   146 | D:1      | Reached skill level 5 in Hexes
   255 | D:1      | Learned a level 2 spell: Ensorcelled Hibernation
   358 | D:1      | Reached skill level 5 in Stealth
   753 | D:2      | Reached XP level 3. HP: 24/24 MP: 6/6
   758 | D:2      | Learned a level 3 spell: Confuse
  1560 | D:2      | Found a runed translucent door.
  1561 | D:2      | Noticed Crazy Yiuf
  1577 | D:2      | Slain by Crazy Yiuf

Skill      XL: |  1  2 |
---------------+-------+-----
Hexes          | 5 |  5.4
Stealth        | 5 |  5.4
Fighting       | |  0.2
Short Blades   | |  1.3
Dodging        | |  2.2
Shields        | |  0.2
Spellcasting   | |  2.3

Action                   || total
-------------------------++-------
Melee: Short sword       ||    87
       Dagger            ||     3
       Bite              ||     3
 Cast: Corona            ||     6
       Ensorcelled Hiber ||     6
       Confuse           ||     1
  Use: Potion            ||     1
 Stab: Sleeping          ||    13
Armor: Robe              ||    23
Dodge: Dodged            ||    63
Block: Buckler           ||    14
